 Dungeon Crawl Stone Soup version 0.29.0-4-gdea44cf6ec (webtiles) character file.

Game seed: 18141634459457226552

38 qw the Chopper (level 3, 0/21 HPs)
             Began as a Tengu Warper on Aug 28, 2022.
             Slain by a gnoll
             ... wielding a +0 flail
              (4 damage)
             ... on level 2 of the Dungeon.
             The game lasted 00:00:06 (1208 turns).

qw the Chopper (Tengu Warper)                       Turns: 1208, Time: 00:00:06

Health: 0/21       AC:  5    Str: 13    XL:     3   Next: 43%
Magic:  7/7        EV: 11    Int: 13    God:
Gold:   58         SH:  0    Dex: 13    Spells: 6/6 levels left

rFire   . . .      SeeInvis .   Y - +0 hand axe
rCold   . . .      Faith    .   (no shield)
rNeg    . . .      Spirit   .   h - +0 ring mail
rPois   .          Reflect  .   (helmet restricted)
rElec   .          Harm     .   (no cloak)
rCorr   .          Rampage  .   (no gloves)
Will    .....                   (boots unavailable)
Stlth   +.........              (no amulet)
HPRegen 0.07/turn               (no ring)
MPRegen 0.10/turn               (no ring)

@: no status effects
A: beak, talons 3
a: no special abilities


You were on level 2 of the Dungeon.
You visited 1 branch of the dungeon, and saw 2 of its levels.

You collected 58 gold pieces.


Innate Abilities, Weirdness & Mutations

You have a beak for a mouth.
You have claws for feet.


   Skills:
 - Level 2.0 Fighting
 + Level 4.1 Axes
 - Level 1.0 Throwing
 - Level 1.1 Armour
 - Level 2.1 Dodging
 - Level 2.0 Spellcasting
 - Level 2.4 Translocations


You had 6 spell levels left.
You didn't know any spells.
Your spell library contained the following spells:

 Spells                   Type           Power      Damage    Failure   Level
 Blink                    Tloc           14%        N/A       30%         2
 Gell's Gravitas          Tloc           7%         N/A       52%         3
 Lesser Beckoning         Tloc           7%         N/A       52%         3
 Teleport Other           Tloc           7%         N/A       52%         3
 Manifold Assault         Tloc           7%         N/A       99%         5

Inventory:

Hand Weapons
 k - a +0 whip
 Y - a +0 hand axe (weapon)
Missiles
 b - 3 boomerangs (quivered)
Armour
 h - a +0 ring mail (worn)
Scrolls
 c - a scroll of torment {unknown}
 d - a scroll of amnesia {unknown}
 e - a scroll of identify
Potions
 a - a potion of invisibility {unknown}
 f - a potion of brilliance {unknown}
 i - a potion of curing {unknown}

Dungeon Overview and Level Annotations

Branches:
Dungeon (2/15)

Altars:


Message History

Found 8 gold pieces.
Throw: 3 boomerangs
Press: ? - help, Q - select action Shift-Dir - straight line, f - endoplasm You throw a boomerang.
The boomerang hits the endoplasm but does no damage.
Throw: 3 boomerangs
Press: ? - help, Q - select action Shift-Dir - straight line, f/p - endoplasm You throw a boomerang.
The boomerang hits the endoplasm.
You kill the endoplasm!
You now have 58 gold pieces (gained 8).
Something unseen opens the door.
You sense a monster nearby.
A gnoll comes into view. It is wielding a +0 flail.
A gnoll comes into view. It is wielding a +0 spear.
1201 ||| Stepping ~*~*~tactically~*~*~ (stealth).
The gnoll shouts!
You hear a shout! x3; You hear an angry hiss.
The gnoll barely misses you.
The gnoll hits you from afar with a +0 spear.
You hit the gnoll.
The gnoll is lightly wounded.
The gnoll hits you with a +0 flail. The gnoll closely misses you.
A gnoll comes into view. It is wielding a +0 club.
You hit the gnoll but do no damage.
The gnoll is lightly wounded.
The gnoll completely misses you. The gnoll barely misses you.
You barely miss the gnoll.
The gnoll is lightly wounded.
The gnoll hits you with a +0 flail!
The gnoll hits you from afar with a +0 spear.
You barely miss the gnoll. You claw the gnoll.
The gnoll is moderately wounded.
The gnoll barely misses you.
A gnoll comes into view. It is wielding a +0 club.
The gnoll barely misses you.
You hit the gnoll.
The gnoll is heavily wounded.
The gnoll closely misses you. The gnoll completely misses you.
You hit the gnoll.
The gnoll is severely wounded.
The gnoll hits you with a +0 flail.
You die...

+###.................#.#
...........#....####.#.#
...........#....# #...#
...........#....# #####
...)###....#....#
....###....##########
....................#
.###.....#..........#
.###.....#.....g@...#
.........#.#+#g######
.........#.....######
.....................
...#.#####.#.#...###.
.........#.#.#.#.#
.........+...#+#.#
:........#.#(......
....#....+.+....###


You could see 2 gnolls.

Vanquished Creatures
  An adder (D:2)
  A worm (D:2)
  A dart slug (D:1)
  3 bats (D:1)
  2 endoplasms
  2 giant cockroaches
  2 hobgoblins (D:1)
  A quokka (D:1)
  2 frilled lizards (D:1)
  3 goblins
  3 kobolds
  3 rats (D:1)
24 creatures vanquished.

Notes
Turn   | Place    | Note
-------+----------+-------------------------------------------
     0 | D:1      | qw the Tengu Warper began the quest for the Orb.
     0 | D:1      | Reached XP level 1. HP: 12/12 MP: 4/4
     0 | D:1      | 0 ||| qw: Version: 0.1-a-89-g26bdef1
     0 | D:1      | 0 ||| qw: Game counter: 2213
     0 | D:1      | 0 ||| qw: Always use a shield: true
     0 | D:1      | 0 ||| qw: God list: Okawaru
     0 | D:1      | 0 ||| qw: Allow faded altars: false
     0 | D:1      | 0 ||| qw: Do Orc after D:15 true
     0 | D:1      | 0 ||| qw: Do second Lair branch before Depths: true
     0 | D:1      | 0 ||| qw: Lair rune preference: random
     0 | D:1      | 0 ||| qw: Plans: Normal
     0 | D:1      | 0 ||| PLANNING D:1-11
   129 | D:1      | 129 ||| Stepping ~*~*~tactically~*~*~ (stealth).
   169 | D:1      | Reached XP level 2. HP: 15/17 MP: 6/6
   218 | D:1      | Reached skill level 3 in Axes
   782 | D:1      | 782 ||| DROPPING +0 club.
   924 | D:1      | Found a faded altar of an unknown god.
   927 | D:1      | 927 ||| UPGRADING to +0 ring mail.
   937 | D:1      | 937 ||| DROPPING +0 leather armour.
   938 | D:1      | 938 ||| READING scroll labelled YNAL JOPIH.
   939 | D:1      | 939 ||| READING 2 scrolls labelled MIOQ FINOS.
   940 | D:1      | 940 ||| READING scroll labelled ELUXIR TAOM.
   941 | D:1      | 941 ||| DROPPING scroll of blinking.
  1018 | D:2      | Reached XP level 3. HP: 19/21 MP: 7/7
  1061 | D:2      | Reached skill level 4 in Axes
  1201 | D:2      | 1201 ||| Stepping ~*~*~tactically~*~*~ (stealth).
  1205 | D:2      | HP: 4/21 [gnoll/+0 spear (5)]
  1208 | D:2      | Slain by a gnoll

Levels and vault maps discovered:
D:1:      tarquinn_simple_flora_water_a, layout_loops_cross,
          dreamdust_ecumenical_altar_sealed_demon
D:2:      layout_basic

Skill      XL: |  1  2  3 |
---------------+----------+-----
Axes           | 3 4 |  4.1
Fighting       | |  2.0
Throwing       | |  1.0
Armour         | |  1.1
Dodging        | |  2.1
Spellcasting   | |  2.0
Translocations | |  2.4

Action                   || total
-------------------------++-------
Melee: Hand axe          ||    54
       Peck              ||     8
       Kick              ||    10
Throw: Boomerang         ||    22
  Use: Scroll            ||     3
Armor: Leather armour    ||     4
Dodge: Dodged            ||    32

Table legend:
 A = Non-vault XP
 B = Vault XP
 C = Vault XP percentage of total XP
 D = Non-vault monster count
 E = Vault monster count
 F = Vault count percentage of total count
                 A         B        C        D         E       F
            +---------+---------+-------+---------+---------+-------
      Total |      55 |       0 |   0.0 |      24 |       0 |   0.0
            +---------+---------+-------+---------+---------+-------
        D:1 |      29 |       0 |   0.0 |      18 |       0 |   0.0
        D:2 |      26 |       0 |   0.0 |       6 |       0 |   0.0
            +---------+---------+-------+---------+---------+-------
